Map: Temple of the Past

Players

CtG

  • Race: Zerg Zerg
  • Spawn Location: 0:00

Hunter

  • Race: Protoss Protoss
  • League: Diamond
  • Spawn Location: 0:00

VOD

Have the link to the VOD?

Description

Time

  • Played on: June 10, 2018, 1:16 a.m.
  • Length: 26:28
Show
View Real Time Build Order
Export as new Build Order

CtG Zerg 

Build Orders:  

Get SALT Encoding   

  12  0:03  Drone  
  13  0:14  Drone  
  14  0:23  Drone, Extractor  
  15  0:32  Overlord  
  15  0:57  Drone x4  
  19  1:02  Extractor  
  19  1:03  Drone  
  19  1:10  Drone  
  20  1:25  Drone x2  
  22  1:30  Extractor  
  22  1:37  Roach Warren  
  20  1:53  Drone x2  
  22  2:17  Lair  
  22  2:25  Spine Crawler  
  22  2:28  Spine Crawler  
  18  2:50  Overlord  
  20  2:53  Drone  
  20  2:54  Drone  
  22  3:33  Ventral Sacs  
  22  3:34  Spire  
  21  4:06  Hatchery  
  20  4:17  Mutalisk  
  22  5:00  Zerg Flyer Weapons Level 1  
  22  5:05  Infestation Pit  
  22  5:08  Drone x7  
  28  5:45  Mutalisk  
  28  5:54  Extractor  
  28  5:55  Extractor  
  26  6:13  Leviathan  
  26  6:27  Mutalisk  
  28  6:30  Hive  
  28  6:35  Drone x7  
  28  6:36  Overlord, Drone  
  36  7:13  Mutalisk  
  36  7:32  Hatchery  
  35  7:41  Leviathan  
  35  7:53  Mutalisk  
  37  8:11  Drone  
  37  8:12  Drone x2  
  37  8:13  Drone x4  
  37  8:14  Overlord x3  
  37  8:15  Overlord  
  48  8:42  Greater Spire  
  44  9:15  Mutalisk  
  44  9:43  Leviathan  
  44  9:57  Mutalisk  
  44  9:58  Mutalisk x4  
  54  10:09  Drone x5  
  59  10:10  Drone  
  60  11:55  Mutalisk x5  
  60  12:13  Devourer x5  
  60  12:26  Mutalisk  
  60  12:27  Mutalisk x10  
  60  12:29  Overlord x4  
  82  12:30  Devourer  
  82  12:32  Corrosive Spray  
  82  12:40  Leviathan  
  80  13:17  Overlord x3  
  80  13:18  Overlord x2  
  80  14:02  Sundering Glave  
  80  15:19  Overseer x2  
  93  15:20  Overseer  
  80  15:30  Mutalisk x3  
  80  15:31  Mutalisk x9  
  104  16:02  Vicious Glave  
  98  17:10  Mutalisk  
  98  17:11  Mutalisk x8  
  116  17:29  Drone  
  117  17:30  Drone x12  
  117  17:32  Rapid Regeneration  
  129  18:16  Spore Crawler x2  
  129  18:18  Spore Crawler  
  129  18:19  Spore Crawler  
  125  18:21  Spore Crawler  
  125  18:27  Spore Crawler  
  125  18:28  Spore Crawler  
  125  18:29  Spore Crawler x2  
  120  18:36  Spore Crawler  
  120  18:37  Spore Crawler  
  120  18:39  Spine Crawler  
  117  18:41  Spine Crawler  
  116  18:51  Mutalisk x8  
  132  19:25  Pneumatized Carapace  
  128  21:29  Mutalisk x7  
  142  21:30  Mutalisk x4  
  142  21:35  Drone x2  
  142  21:36  Drone x2  
  142  21:39  Overlord x8  
  131  21:40  Overlord x5  
  154  22:33  Spore Crawler  
  154  22:35  Spore Crawler x2, Mutalisk x2  
  154  22:36  Mutalisk x3  
  154  22:37  Drone  
  154  22:38  Drone x13  
  175  23:15  Mutalisk x3  
  175  23:17  Drone  
  175  23:18  Drone x9  
  191  23:36  Spore Crawler x3  
  191  23:38  Spore Crawler  
  187  23:41  Spore Crawler  
  187  23:42  Spore Crawler  
  187  23:43  Spore Crawler  
  187  23:45  Spore Crawler x3  
  187  23:46  Spore Crawler  
  187  23:47  Spore Crawler x2  
  178  24:15  Spine Crawler  
  178  24:16  Spore Crawler  
  178  24:17  Spore Crawler  
  175  24:20  Spine Crawler  
  175  24:27  Spine Crawler  
  175  24:28  Spine Crawler  
  175  24:29  Spore Crawler  
  171  24:30  Spore Crawler  
  171  24:33  Spore Crawler  
  171  24:35  Spore Crawler  
  171  24:38  Spore Crawler  
  167  25:08  Mutalisk x4  
  167  25:09  Mutalisk x5  
Show
View Real Time Build Order
Export as new Build Order

Hunter Protoss 

Build Orders:  

Get SALT Encoding   

  12  0:03  Probe (Chrono Boost)  
  13  0:15  Probe (Chrono Boost)  
  14  0:27  Probe (Chrono Boost)  
  15  0:39  Probe (Chrono Boost)  
  16  0:43  Gateway  
  16  0:51  Probe (Chrono Boost)  
  16  0:54  Assimilator  
  17  1:03  Probe (Chrono Boost)  
  17  1:07  Assimilator  
  18  1:15  Probe (Chrono Boost)  
  19  1:27  Probe (Chrono Boost)  
  20  1:39  Probe (Chrono Boost)  
  21  1:50  Probe (Chrono Boost)  
  21  1:52  Cybernetics Core  
  21  1:57  Zealot  
  24  2:02  Probe (Chrono Boost)  
  25  2:14  Probe (Chrono Boost)  
  25  2:19  Zealot  
  28  2:26  Probe (Chrono Boost)  
  29  2:38  Probe (Chrono Boost)  
  30  3:01  Nexus  
  30  3:08  Probe (Chrono Boost)  
  31  3:20  Twilight Council  
  31  3:23  Probe (Chrono Boost)  
  32  3:35  Probe (Chrono Boost)  
  32  3:39  Pylon  
  33  3:47  Probe (Chrono Boost)  
  34  3:59  Probe (Chrono Boost)  
  35  4:11  Probe (Chrono Boost)  
  35  4:14  Templar Archives  
  35  4:18  Forge  
  36  4:24  Probe (Chrono Boost)  
  37  4:35  Probe (Chrono Boost)  
  38  4:42  Probe (Chrono Boost)  
  38  4:47  Probe (Chrono Boost)  
  38  4:48  Assimilator x2  
  38  4:49  Khaydarin Amulet  
  40  4:53  Whirlwind  
  40  4:54  Probe (Chrono Boost)  
  40  4:59  Probe (Chrono Boost)  
  42  5:08  Probe (Chrono Boost)  
  43  5:18  Gateway  
  45  5:30  Probe (Chrono Boost)  
  45  5:31  Probe (Chrono Boost)  
  45  5:46  Gateway  
  45  5:47  Probe (Chrono Boost), Psionic Storm  
  45  5:48  Probe (Chrono Boost)  
  49  6:00  Gateway  
  49  6:01  Protoss Ground Weapons Level 1  
  49  6:04  Probe (Chrono Boost)  
  49  6:05  Probe (Chrono Boost)  
  49  6:19  Robotics Facility  
  50  6:21  Probe (Chrono Boost)  
  50  6:22  Robotics Facility  
  50  6:25  Plasma Surge  
  51  6:33  Probe (Chrono Boost)  
  51  6:38  Probe (Chrono Boost)  
  52  6:44  Charge  
  54  6:50  Probe (Chrono Boost)  
  54  6:55  Probe (Chrono Boost)  
  54  7:02  Gateway  
  55  7:15  Gateway  
  55  7:18  Gateway  
  54  7:26  Gateway  
  54  7:33  Gateway  
  54  7:39  Gateway  
  54  7:51  High Templar x5  
  54  7:55  Zealot  
  66  8:09  Zealot x3  
  72  8:21  Protoss Ground Weapons Level 2  
  72  8:32  High Templar x2  
  76  8:46  Zealot x4  
  84  8:56  Zealot  
  86  9:11  High Templar x2  
  86  9:12  Zealot x4  
  96  9:37  High Templar  
  98  9:42  Zealot x3  
  102  9:55  Zealot x4  
  102  9:56  Zealot  
  112  10:24  Archon  
  112  10:38  Protoss Ground Weapons Level 3  
  110  10:44  Zealot x6  
  122  10:59  High Templar x2  
  124  11:00  High Templar  
  126  11:13  Archon  
  126  11:14  Archon x2  
  126  11:16  High Templar  
  126  11:17  Archon  
  126  11:18  Archon  
  126  11:19  High Templar  
  130  11:23  Archon  
  130  11:33  Zealot x6  
  142  12:01  High Templar  
  142  12:21  High Templar  
  138  12:51  Zealot x7  
  138  12:53  High Templar  
  150  13:06  High Templar  
  152  13:10  Archon  
  146  13:30  Protoss Shields Level 1  
  146  13:53  High Templar  
  146  13:54  High Templar  
  146  13:55  Zealot x6  
  154  14:36  High Templar x2  
  154  14:37  Archon  
  158  14:43  Zealot x7  
  172  14:53  Zealot x4  
  180  15:21  High Templar x2  
  184  15:54  Protoss Shields Level 2  
  184  16:13  High Templar  
  184  16:14  High Templar x2  
  190  17:38  High Templar  
  190  17:39  High Templar x2  
  196  18:00  High Templar  
  196  18:08  High Templar  
  196  18:30  High Templar  
  176  19:08  High Templar x2  
  176  19:09  Zealot x3  
  182  19:10  Zealot x4  
  188  19:31  High Templar  
  190  19:57  High Templar  
  190  19:59  Zealot x3  
  198  20:28  Protoss Shields Level 3  
  198  20:38  High Templar  
  200  23:20  Protoss Ground Armor Level 1  
  186  23:54  High Templar x4  
  186  23:55  High Templar  
  188  24:03  Archon x2  
  188  24:06  High Templar x2  
  188  24:07  High Templar x3  
  188  24:36  Zealot  
  188  24:37  Zealot  
  188  24:38  High Templar  
  194  24:43  High Templar  
  194  24:57  Zealot x2  
  194  24:58  Zealot x2  
  200  26:00  Archon x4  
  200  26:01  Archon x2  
  200  26:02  Archon  
Tags
 
Add a new tag
Caveats
  • Supply blocks, unpowered buildings, or Contaminate may cause inaccurate times.
  • Supply counts are checked every 10 seconds.